 Dungeon Crawl Stone Soup version 0.30-a0-1094-g860fb061e7 (webtiles) character file.

Game seed: 7792906287911082494

359 Lobster4 the Digger (level 6, 0/57 HPs)
             Began as a Troll Earth Elementalist on Apr 18, 2023.
             Succumbed to a killer bee's poison
             ... on level 7 of the Dungeon.
             The game lasted 00:08:05 (2678 turns).

Lobster4 the Digger (Troll Earth Elementalist)      Turns: 2678, Time: 00:08:06

Health: 0/57       AC:  4    Str: 17    XL:     6   Next: 37%
Magic:  3/7        EV: 10    Int: 13    God:
Gold:   185        SH:  0    Dex: 10    Spells: 2/8 levels left

rFire   . . .      SeeInvis .      - Unarmed
rCold   . . .      Faith    .    (no shield)
rNeg    . . .      Spirit   .    a - +0 robe
rPois   .          Reflect  .    (helmet restricted)
rElec   .          Rampage  .    (no cloak)
rCorr   .                        (gloves unavailable)
Will    .....                    (boots unavailable)
Stlth   +                        (no amulet)
HPRegen 1.09/turn                (no ring)
MPRegen 0.10/turn                (no ring)

@: lethally poisoned (0 -> -5)
A: large, unfitting armour, claws 3, regeneration 1, shaggy fur 1, tough skin 1
a: no special abilities


You were on level 7 of the Dungeon.
You visited 1 branch of the dungeon, and saw 5 of its levels.

You collected 185 gold pieces.

Inventory:

Hand Weapons
 c - a +0 club
 l - a +0 whip of electrocution
 q - a +1 dagger of venom
Armour
 a - a +0 robe (worn)
 r - an orb of energy
Wands
 e - a wand of mindburst (18)
Scrolls
 f - 4 scrolls of butterflies {unknown}
 g - 3 scrolls of noise {unknown}
 h - 2 scrolls of enchant weapon {unknown}
 i - 2 scrolls of teleportation
 k - 2 scrolls of fog
 n - a scroll of immolation
 p - a scroll of enchant armour
Potions
 b - 2 potions of magic
 j - 2 potions of flight
 o - a potion of lignification
 s - a potion of haste


   Skills:
 + Level 1.7 Fighting
 + Level 1.5 Armour
 + Level 2.5 Dodging
 - Level 1.0 Stealth
 + Level 2.0 Unarmed Combat
 + Level 1.9 Spellcasting
 + Level 0.8 Conjurations
 - Level 1.0 Transmutations
 + Level 3.4 Earth Magic
 + Level 1.2 Evocations


You had 2 spell levels left.
You knew the following spells:

 Your Spells              Type           Power      Damage    Failure   Level
a - Sandblast             Erth           20%        2d7       6%          1
b - Passwall              Tmut/Erth      5%         N/A       16%         2
c - Stone Arrow           Conj/Erth      12%        3d7       32%         3

Your spell library contained the following spells:

 Spells                   Type           Power      Damage    Failure   Level
 Petrify                  Tmut/Erth      7%         N/A       71%         4


Dungeon Overview and Level Annotations

Branches:
Dungeon (7/15)             Temple (0/1) D:7

Altars:
Hepliaklqana

Annotations:
D:7 exclusion: scorpion


Innate Abilities, Weirdness & Mutations

You are too large for most types of armour.
You have claws for hands.
Your natural rate of healing is unusually fast.
You are covered in fur. (AC +1)
You have tough skin. (AC +1)


Message History

You feel extremely sick. The killer bee barely misses you.
The killer bee stings you but does no damage.
You scratch the killer bee.
The killer bee is almost dead.
You feel very sick. The killer bee stings you.
You are more poisoned.
The killer bee poisons you! The killer bee closely misses you.
Casting: Sandblast (safe; 6% risk of failure)
Confirm with . or Enter, or press ? or * to list all spells.
Aiming: Sandblast (safe; 6% risk of failure)
Press: ? - help, Shift-Dir - straight line, f/p - killer bee
Aim: a killer bee (almost dead, 63% to hit)
The blast of sand hits the killer bee.
You kill the killer bee!
* * * LOW HITPOINT WARNING * * *
You feel extremely sick. The killer bee stings you!
* * * LOW HITPOINT WARNING * * *
You are more poisoned.
The killer bee poisons you! The killer bee stings you.
* * * LOW HITPOINT WARNING * * *
You are more poisoned.
The killer bee poisons you!
Your Unarmed Combat skill increases to level 2!
You feel much better.
You feel extremely sick. The killer bee barely misses you.
The killer bee stings you.
* * * LOW HITPOINT WARNING * * *
As you read the scroll of fear, it crumbles to dust.
You assume a fearsome visage.
The killer bee looks frightened! x2
* * * LOW HITPOINT WARNING * * *
You feel very sick.
Okay, then.
* * * LOW HITPOINT WARNING * * *
You feel very sick.
* * * LOW HITPOINT WARNING * * *
You feel very sick.
You die...

. #. #......... ..#..
#........[ ....
#..###...# #... #..#
# #..##†.#
#...#.......
###.##.⌠..>..⌠
#.##........
#@.####...# ##.##
.⌠.# #..###...##
##### ###.#.....#
#####...# #....#
#...#...######....##
#._.##.............#
#...####..##..####..#
##.## ##.....###
#...##


There were no monsters in sight!

Vanquished Creatures
  2 bullfrogs (D:7)
  2 killer bees (D:7)
  A sleepcap (D:7)
  7 adders (D:2)
  A white imp (D:7)
  2 worms
  2 dart slugs (D:2)
  An orc (D:3)
  6 ball pythons
  4 endoplasms
  A giant cockroach (D:3)
  4 goblins
  A hobgoblin (D:2)
  5 bats
  A frilled lizard (D:3)
  7 kobolds
  5 rats
52 creatures vanquished.

Vanquished Creatures (others)
  2 killer bees (D:7)
2 creatures vanquished.

Grand Total: 54 creatures vanquished

Notes
Turn   | Place    | Note
-------+----------+-------------------------------------------
     0 | D:1      | Lobster4 the Troll Earth Elementalist began the quest for
                  | the Orb.
     0 | D:1      | Reached XP level 1. HP: 16/16 MP: 1/1
   125 | D:1      | Found a faded altar of an unknown god.
   341 | D:1      | Reached XP level 2. HP: 24/24 MP: 2/2
   764 | D:2      | Learned a level 2 spell: Passwall
   775 | D:2      | Reached skill level 1 in Transmutations
   775 | D:2      | Reached XP level 3. HP: 32/32 MP: 1/4
  1022 | D:2      | Reached skill level 1 in Unarmed Combat
  1072 | D:2      | Reached skill level 1 in Fighting
  1072 | D:2      | Reached skill level 3 in Earth Magic
  1142 | D:2      | Reached XP level 4. HP: 41/41 MP: 5/5
  1267 | D:2      | Reached skill level 1 in Armour
  2302 | D:4      | You fall into a shaft and drop 3 floors!
  2348 | D:7      | Learned a level 3 spell: Stone Arrow
  2409 | D:7      | Noticed a scorpion
  2478 | D:7      | Noticed a bullfrog
  2485 | D:7      | Found a hazy altar of Hepliaklqana.
  2492 | D:7      | Killed a bullfrog
  2493 | D:7      | Reached XP level 5. HP: 29/48 MP: 6/6
  2644 | D:7      | Found a staircase to the Ecumenical Temple.
  2665 | D:7      | Reached skill level 1 in Evocations
  2665 | D:7      | Reached XP level 6. HP: 51/55 MP: 7/7
  2673 | D:7      | HP: 1/57 [killer bee (6)]
  2678 | D:7      | Succumbed to a killer bee's poison

Illustrated notes

Levels and vault maps discovered:
D:1:      minmay_arrival_cross, layout_loops_ring,
          shapermc_ecumenical_altar_mp_highgroup, nrook_loot_triangle,
          minmay_door_square, ebering_dispersal_statue_hall
D:2:      layout_loops_ring
D:3:      layout_rooms
D:4:      layout_basic, lemuel_crystal_altar, mainiacjoe_overflow_alcove_4,
          mainiacjoe_overflow_small_starburst, mainiacjoe_overflow_24_doors,
          grunt_temple_overflow_diamond, serial_rivers,
          chequers_serial_rivers_micro_a, chequers_serial_rivers_micro_a,
          chequers_serial_rivers_room_a, chequers_serial_rivers_micro_d,
          chequers_serial_rivers_micro_d, chequers_serial_rivers_room_a,
          serial_bayou_crossing, uniq_edmund
D:7:      layout_rooms, kennysheep_ying_yang, nzn_hepliaklqana_mist_gate,
          minmay_temple_entry_junction, amcnicky_mini_pool_small,
          kennysheep_generic_room_15

Skill      XL: |  1  2  3  4  5  6 |
---------------+-------------------+-----
Transmutations | 1 |  1.0
Unarmed Combat | 1 2 |  2.0
Fighting       | 1 |  1.7
Dodging        | 2 |  2.5
Earth Magic    | 3 |  3.4
Armour         | 1 |  1.5
Evocations     | 1 |  1.2
Stealth        | |  1.0
Spellcasting   | |  1.9
Conjurations   | |  0.8

Action                     |  1- 3 |  4- 6 || total
---------------------------+-------+-------++-------
  Melee: Unarmed           |    45 |    76 ||   121
         Punch             |       |     1 ||     1
   Cast: Sandblast         |    18 |    22 ||    40
  Evoke: Wand              |       |     3 ||     3
    Use: Scroll            |       |    10 ||    10
         Potion            |       |     2 ||     2
   Stab: Sleeping          |     2 |     1 ||     3
 Armour: Robe              |    21 |    26 ||    47
  Dodge: Dodged            |    25 |    41 ||    66

Table legend: (Time is in decaauts)
 A = Elapsed time spent in this place.
 B = Non-inter-level travel time spent in this place.
 C = Inter-level travel time spent in this place.
 D = Time resting spent in this place.
 E = Time spent auto-exploring this place.
 F = Levels seen in this place.
 G = Mean time per level.
                   A        B        C        D        E       F      G
               +--------+--------+--------+--------+--------+-----+--------+
         Total |   2694 |   2659 |     35 |     67 |   1954 |   5 |  538.8 |
       Dungeon |   2694 |   2659 |     35 |     67 |   1954 |   5 |  538.8 |
               +--------+--------+--------+--------+--------+-----+--------+

Top non-repeatable levels by time:
     D:2: 1049 daAuts
     D:1: 750 daAuts
     D:3: 516 daAuts
     D:7: 379 daAuts
